 Dungeon Crawl Stone Soup version 0.31-a0-115-g4708a659fe (webtiles) character file.

Game seed: 1608488515867458758

284 hikkokomori the Chiller (level 5, -2/42 HPs)
             Began as a Demigod Ice Elementalist on May 30, 2023.
             Slain by an orc
             ... wielding a +0 mace
              (7 damage)
             ... on level 3 of the Dungeon.
             The game lasted 00:02:39 (2057 turns).

hikkokomori the Chiller (Demigod Ice Elementalist)  Turns: 2057, Time: 00:02:40

Health: -2/42      AC:  2    Str:  9    XL:     5   Next: 79%
Magic:  11/12      EV: 12    Int: 27    God:
Gold:   137        SH:  0    Dex: 14    Spells: 9/10 levels left

rFire   + . .        g - +0 falchion of Offence {flame, rPois rF+ rN+}
rCold   . . .        (no shield)
rNeg    + . .        a - +0 robe
rPois   +            (no helmet)
rElec   .            (no cloak)
rCorr   .            (no gloves)
SInv    .            (no boots)
Will    .....        (no amulet)
Stlth   ++           d - +6 ring of intelligence
HPRegen 0.27/turn    (no ring)
MPRegen 0.13/turn

%: no passive effects
@: no status effects
A: high MP 1, forlorn, divine attributes
a: no special abilities


You were on level 3 of the Dungeon.
You visited 1 branch of the dungeon, and saw 3 of its levels.

You collected 137 gold pieces.

Inventory:

Hand Weapons
 e - a +0 great sword of draining
 g - the +0 falchion of Offence (weapon) {flame, rPois rF+ rN+}
   (You found it on level 2 of the Dungeon)

   rF:        It protects you from fire.
   rPois:     It protects you from poison.
   rN:        It protects you from negative energy.
Armour
 a - a +0 robe (worn)
Jewellery
 d - a +6 ring of intelligence (left hand)
 j - a ring of fire
Wands
 l - a wand of flame (12)
Scrolls
 f - 3 scrolls of noise {unknown}
 h - a scroll of enchant armour {unknown}
 i - a scroll of identify {unknown}
 k - a scroll of acquirement {unknown}
Potions
 b - a potion of magic
 c - 2 potions of lignification {unknown}
 m - a potion of ambrosia {unknown}


   Skills:
 + Level 2.4 Fighting
 - Level 1.7 Dodging
 + Level 3.4 Stealth
 + Level 3.1 Spellcasting
 + Level 4.5 Ice Magic


You had 9 spell levels left.
You knew the following spells:

 Your Spells              Type           Power      Damage    Failure   Level
a - Freeze                Ice            100%       1d10      1%          1

Your spell library contained the following spells:

 Spells                   Type           Power      Damage    Failure   Level
 Frozen Ramparts          Ice            56%        1d9       4%          3
 Ozocubu's Armour         Ice            28%        N/A       4%          3
 Summon Small Mammal      Summ           16%        N/A       9%          1
 Blink                    Tloc           8%         N/A       13%         2
 Lesser Beckoning         Tloc           8%         N/A       13%         2
 Momentum Strike          Conj/Tloc      8%         3d8       13%         2
 Summon Ice Beast         Ice/Summ       16%        N/A       34%         4
 Animate Dead             Necr           4%         N/A       65%         4
 Haunt                    Necr/Summ      2%         N/A       100%        7
 Infestation              Necr           2%         N/A       100%        8


Dungeon Overview and Level Annotations

Branches:
Dungeon (3/15)


Innate Abilities, Weirdness & Mutations

You have an increased reservoir of magic. (+10% MP)
You shall have no god before yourself.
Your divine heritage dramatically boosts your attributes as you level up.


Message History

The worm is moderately wounded.
The hobgoblin hits you. The orc barely misses you. The worm bites you!
You barely miss the worm.
The worm is lightly wounded.
The hobgoblin completely misses you. The orc misses you.
You hit the worm. You burn the worm.
The worm is heavily wounded.
The hobgoblin hits you. The orc misses you. The worm misses you.
The hobgoblin hits you. The orc hits you with a +0 mace.
* * * LOW HITPOINT WARNING * * *
You are too injured to fight recklessly!
You are too injured to fight recklessly!
You are too injured to fight recklessly!
You are too injured to fight recklessly!
You are too injured to fight recklessly!
You are too injured to fight recklessly!
You are too injured to fight recklessly!
You are too injured to fight recklessly!
You are too injured to fight recklessly!
You are too injured to fight recklessly!
You are too injured to fight recklessly!
You are too injured to fight recklessly!
You are too injured to fight recklessly!
You are too injured to fight recklessly!
You are too injured to fight recklessly!
You are too injured to fight recklessly!
The worm bites you!
* * * LOW HITPOINT WARNING * * *
The hobgoblin attacks as you move away! The hobgoblin completely misses you.
The orc attacks as you move away! The orc closely misses you.
There is a stone staircase leading up here.
Casting: Freeze (safe; 1% risk of failure)
Confirm with . or Enter, or press ? or * to list all spells.
Aiming: Freeze (safe; 1% risk of failure)
Press: ? - help, Shift-Dir - straight line, f - orc
Aim: an orc, wielding a +0 mace You freeze the orc.
The orc is almost dead.
The orc hits you with a +0 mace!
You die...

# #........# .
#........#
#.#...#...# ##.
#.#...#.)#.....
#.....w.).....>
#####...#..#...#.
.......g#..# .#
#####.#o#..#
#.#@#..# #
#........
####.##.. .#


You could see a worm, an orc and a hobgoblin.

Vanquished Creatures
  Sigmund (D:2)
  Natasha (thrice) (D:2)
  An adder (D:2)
  A worm (D:2)
  A dart slug (D:2)
  2 orcs (D:3)
  2 ball pythons (D:2)
  3 endoplasms
  2 giant cockroaches
  4 goblins
  5 hobgoblins
  2 jackals (D:1)
  A kobold (D:2)
  4 bats
  A frilled lizard (D:1)
  4 rats (D:1)
37 creatures vanquished.

Notes
Turn   | Place    | Note
-------+----------+-------------------------------------------
     0 | D:1      | hikkokomori the Demigod Ice Elementalist began the quest
                  | for the Orb.
     0 | D:1      | Reached XP level 1. HP: 14/14 MP: 5/5
   531 | D:1      | Reached XP level 2. HP: 22/22 MP: 5/7
  1092 | D:2      | Identified the +0 falchion of Offence {flame, rPois rF+
                  | rN+}
  1256 | D:2      | Got Plato's Folio of Sidekicks
  1272 | D:2      | Reached skill level 1 in Fighting
  1333 | D:2      | Reached XP level 3. HP: 28/28 MP: 5/8
  1397 | D:2      | Noticed Natasha
  1403 | D:2      | Killed Natasha
  1404 | D:2      | Reached skill level 4 in Ice Magic
  1499 | D:2      | Noticed Natasha
  1506 | D:2      | Killed Natasha
  1507 | D:2      | Reached XP level 4. HP: 15/35 MP: 6/10
  1623 | D:2      | Noticed Sigmund
  1636 | D:2      | Killed Sigmund
  1637 | D:2      | Reached XP level 5. HP: 33/42 MP: 5/12
  1838 | D:2      | Noticed Natasha
  1849 | D:2      | Killed Natasha
  2057 | D:3      | Slain by an orc

Illustrated notes

Levels and vault maps discovered:
D:1:      dpeg_arrival_rooms_with_view, layout_basic
D:2:      layout_loops_ring, shapermc_ecumenical_altar_rom_forum, basic_altar,
          uniq_natasha, uniq_sigmund
D:3:      layout_loops_ring, uniq_jessica

Skill      XL: |  1  2  3  4 |
---------------+-------------+-----
Stealth        | 2 3 |  3.4
Spellcasting   | 2 3 |  3.1
Fighting       | 1 2 |  2.4
Ice Magic      | 4 |  4.5
Dodging        | |  1.7

Action                     |  1- 3 |  4- 6 || total
---------------------------+-------+-------++-------
  Melee: Unarmed           |     2 |       ||     2
         Great sword       |    27 |       ||    27
         Falchion          |    12 |    21 ||    33
   Cast: Freeze            |    30 |    10 ||    40
   Stab: Sleeping          |       |     2 ||     2
 Armour: Robe              |     9 |     1 ||    10
  Dodge: Dodged            |    47 |    29 ||    76

Table legend: (Time is in decaauts)
 A = Elapsed time spent in this place.
 B = Non-inter-level travel time spent in this place.
 C = Inter-level travel time spent in this place.
 D = Time resting spent in this place.
 E = Time spent auto-exploring this place.
 F = Levels seen in this place.
 G = Mean time per level.
                   A        B        C        D        E       F      G
               +--------+--------+--------+--------+--------+-----+--------+
         Total |   2091 |   2001 |     90 |      0 |   1682 |   3 |  697.0 |
       Dungeon |   2091 |   2001 |     90 |      0 |   1682 |   3 |  697.0 |
               +--------+--------+--------+--------+--------+-----+--------+

Top non-repeatable levels by time:
     D:1: 1099 daAuts
     D:2: 970 daAuts
     D:3: 21 daAuts
